 Dungeon Crawl Stone Soup version 0.20-a0-277-g7db01f4 (webtiles) character file.

44 holy777 the Grave Robber (level 3, -9/25 HPs)
             Began as a Vampire Necromancer on Dec 13, 2016.
             Mangled by a worm (10 damage)
             ... on level 2 of the Dungeon.
             The game lasted 00:03:16 (1160 turns).

holy777 the Grave Robber (Vampire Necromancer)      Turns: 1160, Time: 00:03:17

Health: -9/25      AC:  2    Str:  7    XL:     3   Next: 39%
Magic:  1/6        EV: 13    Int: 18    God:
Gold:   76         SH:  0    Dex: 14    Spells: 2/6 levels left

rFire  . . .     SeeInvis +     e - +0 dagger
rCold  . . .     Gourm    .     a - +0 robe
rNeg   . . .     Faith    .     (no shield)
rPois  .         Spirit   .     (no helmet)
rElec  .         Reflect  .     (no cloak)
rCorr  .         Harm     .     (no gloves)
MR     .....                    (no boots)
Stlth  ++........               (no amulet)
                                (no ring)
                                (no ring)

@: regenerating quickly
A: fangs 3, see invisible, unbreathing
a: no special abilities


You were on level 2 of the Dungeon.
You were almost alive.

You visited 1 branch of the dungeon, and saw 2 of its levels.

You collected 76 gold pieces.

Inventory:

Hand Weapons
 e - a +0 dagger (weapon)
Armour
 a - a +0 robe (worn)
Potions
 c - a potion of blood
 d - a potion of flight {unknown}
 f - a potion of magic {unknown}
 g - a potion of heal wounds {unknown}
Books
 b - a book of Necromancy

   Spells                             Type                      Level
   a - Pain                           Necromancy                   1
   b - Animate Skeleton               Necromancy                   1
   c - Vampiric Draining              Necromancy                   3
   d - Regeneration                   Charms/Necromancy            3
   e - Animate Dead                   Necromancy                   4
   f - Control Undead                 Necromancy                   4


   Skills:
 * Level 0.3 Fighting
 + Level 0.4 Short Blades
 + Level 2.7 Dodging
 + Level 3.2 Stealth
 + Level 2.2 Spellcasting
 + Level 5.0 Necromancy


You had 2 spell levels left.
You knew the following spells:

 Your Spells              Type           Power        Failure   Level  Hunger
a - Pain                  Necr           ###.         1%          1    #......
b - Vampiric Draining     Necr           ###.......   10%         3    ###....


Dungeon Overview and Level Annotations

Branches:
Dungeon (2/15)

Altars:


Innate Abilities, Weirdness & Mutations

Your natural rate of healing is unusually fast.
You have razor-sharp teeth.
You have supernaturally acute eyesight. (SInv)
You can survive without breathing.


Message History

The jackal closely misses you.
You hit the jackal.
The jackal is heavily wounded.
The jackal barely misses you. The worm bites you!
* * * LOW HITPOINT WARNING * * *
The jackal barely misses you.
Casting: Pain
Confirm with . or Enter, or press ? or * to list all spells.
You don't know that spell.
Okay, then.
Casting: Pain
Confirm with . or Enter, or press ? or * to list all spells.
Aiming: Pain
Press: ? - help, Shift-Dir - straight line, f/p - worm
Aim: a worm (heavily wounded, chance to defeat MR: 85%)
Okay, then.
You hit the jackal but do no damage.
The jackal is heavily wounded.
The jackal barely misses you. The worm bites you!
You die...

... ...... ... ..... ..
.... #. .. ... #.##
.##..... #.... .......
#.... #w#.#.# .....
#@#.#.# #..###h#.#.#
#.##.....h#.#.#
........###.#.#
............#.#####
..................#
..................####
.....................#
................##...####.


You could see a worm and 2 jackals.

Vanquished Creatures
  An adder (D:1)
  A dart slug (D:1)
  3 bats (D:1)
  2 giant cockroaches (D:1)
  4 goblins
  3 hobgoblins
  8 jackals
  A ball python (D:1)
  2 kobolds (D:1)
  2 rats
27 creatures vanquished.

Notes
Turn   | Place    | Note
-------+----------+-------------------------------------------
     0 | D:1      | holy777 the Vampire Necromancer began the quest for the Orb.
     0 | D:1      | Reached XP level 1. HP: 13/13 MP: 3/3
   472 | D:1      | Reached XP level 2. HP: 10/19 MP: 3/5
   912 | D:1      | Reached skill level 5 in Necromancy
  1032 | D:1      | Reached XP level 3. HP: 14/24 MP: 1/6
  1039 | D:1      | Learned a level 3 spell: Vampiric Draining
  1159 | D:2      | HP: 1/25 [worm (11)]
  1160 | D:2      | Mangled by a worm

Vault maps used:
D:1:      dpeg_arrival_fog, glass_columns_b
D:2:      grunt_temple_overflow_open, nicolae_dithmenos_shadow_blocks,
          zin_treasury, minmay_pentomino_q2

Skill      XL: |  1  2 |
---------------+-------+-----
Necromancy     | 5 |  5.0
Fighting       | |  0.3
Short Blades   | |  0.4
Dodging        | |  2.7
Stealth        | |  3.2
Spellcasting   | |  2.2

Action                   || total
-------------------------++-------
Melee: Dagger            ||   124
       Hand axe          ||     7
       Bite              ||     8
 Cast: Pain              ||    27
  Use: Scroll            ||     2
 Stab: Sleeping          ||     2
  Eat: Corpse            ||    11
Armor: Robe              ||    32
Dodge: Dodged            ||   114
